 Dungeon Crawl Stone Soup version 0.19.1 (webtiles) character file.

350 Dfrag the Magician (level 6, -3/49 HPs)
             Began as a Naga Conjurer on Dec 2, 2016.
             Slain by BluePsion's ghost (20 damage)
             ... on level 4 of the Dungeon on Dec 7, 2016.
             The game lasted 00:05:05 (3069 turns).

Dfrag the Magician (Naga Conjurer)                  Turns: 3069, Time: 00:05:06

Health: -3/49      AC:  4    Str:  9 (10) XL:     6   Next: 61%
Magic:  14/14      EV: 10    Int: 21 (23) God:
Gold:   114        SH:  0    Dex: 10 (11) Spells: 2 memorised, 12 levels left

rFire  . . .     SeeInvis +     d - +1 short sword (venom)
rCold  . . .     Gourm    .     a - +1 robe
rNeg   + . .     Faith    .     (no shield)
rPois  +         Spirit   .     (no helmet)
rElec  .         Reflect  .     (no cloak)
rCorr  .         Harm     .     (no gloves)
MR     .....     Rnd*Tele +     (no barding)
Stlth  ++........               (no amulet)
                                l - ring of teleportation (curse)
                                e - ring of positive energy

@: brilliant, very slightly contaminated, very slow
A: see invisible, deformed body, poison resistance, slowness 2, slow metabolism
1, spit poison 1, AC +2
a: Spit Poison


You were on level 4 of the Dungeon.
You were not hungry.

You visited 1 branch of the dungeon, and saw 4 of its levels.

You collected 114 gold pieces.

Inventory:

Hand Weapons
 d - a +1 short sword of venom (weapon)
 u - a +2 club
Armour
 a - a +1 robe (worn)
Jewellery
 e - a ring of positive energy (left hand)
 l - a cursed ring of teleportation (right hand)
Potions
 i - a potion of berserk rage {unknown}
 j - a potion of flight {unknown}
 k - 2 potions of degeneration
 o - a potion of curing {unknown}
 r - a potion of lignification {unknown}
 s - a potion of might {unknown}
 t - a potion of cure mutation
 w - a potion of invisibility
Books
 b - a book of Conjurations

   Spells                             Type                      Level
   a - Magic Dart                     Conjuration                  1
   b - Searing Ray                    Conjuration                  2
   c - Dazzling Spray                 Conjuration/Hexes            3
   d - Fulminant Prism                Conjuration/Hexes            4
   e - Iskenderun's Mystic Blast      Conjuration                  4
   f - Iskenderun's Battlesphere      Conjuration/Charms           5
Comestibles
 c - 2 bread rations
 h - a beef jerky
 m - 3 meat rations


   Skills:
 - Level 1.5 Dodging
 - Level 3.0 Stealth
 * Level 5.4 Spellcasting
 + Level 5.3 Conjurations


You had 12 spell levels left.
You knew the following spells:

 Your Spells              Type           Power        Failure   Level  Hunger
a - Magic Dart            Conj           ####         1%          1    None
b - Searing Ray           Conj           #####.       1%          2    None


Dungeon Overview and Level Annotations

Branches:
Dungeon (4/15)
 Temple: D:4-7

Altars:

Annotations:
D:4 BluePsion's ghost, amateur MiFi


Innate Abilities, Weirdness & Mutations

You cannot wear boots.
Your serpentine skin is tough. (AC +2)
You have supernaturally acute eyesight. (SInv)
Armour fits poorly on your strangely shaped body.
Your system is resistant to poisons. (rPois)
You cover ground very slowly.
You have a slow metabolism.
You can spit poison.


Message History

The adder barely misses you.
You see here a stone.
You feel less invigorated.
You feel less confused.
The orc throws a stone.
The stone closely misses the adder.
The stone closely misses you.
You see here a stone.
You flicker for a moment.
The orc throws a stone.
The stone barely misses BluePsion's ghost.
The stone barely misses you.
Found a white potion.
You flicker back into view.
Found 3 fruits.
You see here a stone.
Found a leather armour.
BluePsion's ghost hits you.
BluePsion's ghost hits you but does no damage.
BluePsion's ghost hits you!
You are electrocuted!
You die...

#####+#'###.##.#.#.
........<....#..#.#.
.........[..## #.#.
....................#.
#.##...........####'#+
#.##.............
#.##[.........##.#
#!##..........# .#
#.##.@(.......#
#..####.##W........
#.......o.....%#'##
..[####(######.#
#...o..#.# ## #o###.##
# ..###
....###'###.##.# .....
. ........S(o...#
...... ## ..
#........(#######......


You could see BluePsion's ghost and an orc.

Vanquished Creatures
  An orc priest (D:4)
  Jessica (D:3)
  Ijyb (D:3)
  Natasha (thrice) (D:2)
  An orc wizard (D:4)
  Terence (D:3)
  4 gnolls (D:3)
  2 adders
  4 worms
  4 dart slugs
  4 leopard geckos
  8 orcs
  A giant cockroach (D:1)
  5 goblins
  4 hobgoblins
  5 jackals
  8 bats
  4 frilled lizards
  3 kobolds
  8 rats
72 creatures vanquished.

Notes
Turn   | Place    | Note
-------+----------+-------------------------------------------
     0 | D:1      | Dfrag the Naga Conjurer began the quest for the Orb.
     0 | D:1      | Reached XP level 1. HP: 15/15 MP: 3/3
   126 | D:1      | Reached XP level 2. HP: 19/22 MP: 3/5
   153 | D:1      | Learned a level 2 spell: Searing Ray
   247 | D:1      | Reached XP level 3. HP: 19/28 MP: 7/7
   848 | D:2      | Noticed Natasha
   857 | D:2      | Killed Natasha
   857 | D:2      | Reached XP level 4. HP: 9/36 MP: 7/9
  1213 | D:2      | Noticed Natasha
  1220 | D:2      | Killed Natasha
  1220 | D:2      | Noticed Natasha
  1228 | D:2      | Killed Natasha
  1228 | D:2      | Reached XP level 5. HP: 27/42 MP: 0/11
  1680 | D:3      | Noticed Terence
  1694 | D:3      | Killed Terence
  1832 | D:3      | Noticed Jessica
  1840 | D:3      | Killed Jessica
  2007 | D:3      | Noticed Ijyb
  2022 | D:3      | Killed Ijyb
  2022 | D:3      | Reached skill level 5 in Conjurations
  2022 | D:3      | Reached XP level 6. HP: 32/49 MP: 13/13
  2483 | D:3      | Reached skill level 5 in Spellcasting
  3019 | D:4      | Noticed BluePsion's ghost (amateur MiFi)
  3069 | D:4      | Slain by BluePsion's ghost

Skill      XL: |  1  2  3  4  5  6 |
---------------+-------------------+-----
Spellcasting   | 3 4 5 |  5.4
Conjurations   | 5 |  5.3
Dodging        | |  1.5
Stealth        | |  3.0

Action                   |  1- 3 |  4- 6 || total
-------------------------+-------+-------++-------
Melee: Short sword       |    73 |    49 ||   122
 Cast: Magic Dart        |       |    12 ||    12
       Searing Ray       |       |    16 ||    16
 Abil: Spit Poison       |       |    14 ||    14
  Use: Potion            |       |     5 ||     5
       Scroll            |       |     3 ||     3
 Stab: Sleeping          |     5 |     4 ||     9
  Eat: Chunk             |       |     6 ||     6
Armor: Robe              |    11 |    21 ||    32
Dodge: Dodged            |    36 |    68 ||   104
